[Event "Titled Tuesday Blitz August 08 Early 2023"]
[White "Fantastic_Power"]
[Black "Ismagilov, Damir"]
[BlackFideId "34199982"]
[WhiteElo "2792"]
[BlackElo "2544"]
[Result "1-0"]
[Round "3"]
[TimeControl "180+1"]
[Date "2023.08.08"]
[WhiteClock "0:00:03"]
[BlackClock "0:00:01"]
[Board "53"]

1. e4 e5 2. Nf3 Nc6 3. Bc4 Bc5 4. O-O Nf6 5. d4 Bxd4 6. Nxd4 Nxd4 7. f4 Nc6 8. Bxf7+ Kxf7 9. fxe5 Nxe5 10. Qd5+ Ke8 11. Qxe5+ Qe7 12. Qxc7 d6 13. Qxe7+ Kxe7 14. Nc3 h6 15. Bf4 Be6 16. Rad1 Rad8 17. Rfe1 a6 18. Nd5+ Bxd5 19. exd5+ Kf7 20. c4 b5 21. b3 bxc4 22. bxc4 Rc8 23. Rd4 Rhd8 24. Re6 Ne8 25. h3 Rc5 26. Be3 Rcc8 27. Rf4+ Kg8 28. Re7 Rc7 29. Rxc7 Nxc7 30. Bb6 Rc8 31. Bxc7 Rxc7 32. Re4 Rc5 33. Kh2 Kf7 34. Kg3 Ra5 35. Re6 Rxa2 36. Rxd6 Rc2 37. Rc6 a5 38. Kf4 a4 39. Ke4 a3 40. Kd3 Rxg2 41. c5 a2 42. Ra6 Ke7 43. Kd4 Rd2+ 44. Kc4 Rb2 45. Ra7+ Kd8 46. d6 Rd2 47. Kb5 Rb2+ 48. Kc6 Ke8 49. Kd5 Rd2+ 50. Ke5 Re2+ 51. Kd4 Rd2+ 52. Kc3 Rg2 53. c6 Rg6 54. Ra8+ Kf7 55. c7 Rxd6 56. c8=Q Rc6+ 57. Qxc6 a1=Q+ 58. Rxa1 h5 59. Qd5+ Kf6 60. Ra6+ 1-0


[Site "https://www.chess.com"]

[Event "Titled Tuesday Blitz August 08 Early 2023"]
[White "Cherniaiev, Tykhon"]
[Black "Martins, Bruno Andre Leite"]
[WhiteFideId "14182360"]
[BlackFideId "1942255"]
[WhiteElo "2776"]
[BlackElo "2541"]
[Result "1-0"]
[Round "3"]
[TimeControl "180+1"]
[Date "2023.08.08"]
[WhiteClock "0:00:45"]
[BlackClock "0:00:16"]
[Board "54"]

1. Nf3 d5 2. d4 Nf6 3. c4 e6 4. Nc3 a6 5. cxd5 exd5 6. Bg5 Be6 7. e3 Nbd7 8. Bd3 Bd6 9. Qc2 h6 10. Bh4 O-O 11. O-O c5 12. dxc5 Nxc5 13. Rad1 Rc8 14. Be2 b5 15. a3 Nce4 16. Nd4 Nxc3 17. bxc3 Be7 18. a4 b4 19. Bxa6 Rxc3 20. Qe2 Ne4 21. Nxe6 fxe6 22. Bxe7 Qxe7 23. Bd3 Nc5 24. Bb1 Nxa4 25. e4 Qf6 26. exd5 exd5 27. Rxd5 Rc7 28. Rf5 Nc3 29. Qf3 Qd6 30. Rxf8+ Qxf8 31. Bh7+ Kxh7 32. Qxf8 b3 33. Qb4 Ne2+ 34. Kh1 Nc1 35. g3 Rc2 36. Kg2 b2 37. Qe4+ 1-0


[Site "https://www.chess.com"]

[Event "Titled Tuesday Blitz August 08 Early 2023"]
[White "Le, Tuan Minh"]
[Black "Di Nicolantonio, Lucas"]
[WhiteFideId "12401153"]
[BlackFideId "680460"]
[WhiteElo "2961"]
[BlackElo "2542"]
[Result "1-0"]
[Round "3"]
[TimeControl "180+1"]
[Date "2023.08.08"]
[WhiteClock "0:01:48"]
[BlackClock "0:00:15"]
[Board "55"]

1. d4 d5 2. Nf3 Nf6 3. Bf4 e6 4. e3 Bd6 5. Nbd2 O-O 6. c3 b6 7. Bd3 Ba6 8. Bxa6 Nxa6 9. Bg5 Be7 10. Ne5 Nb8 11. O-O Nfd7 12. Bxe7 Qxe7 13. f4 Nxe5 14. fxe5 Nd7 15. Qg4 f5 16. Qg3 c5 17. Nf3 c4 18. Ng5 b5 19. a3 a5 20. h4 b4 21. axb4 axb4 22. h5 h6 23. Nh3 bxc3 24. bxc3 Ra3 25. Nf4 Rxc3 26. Ra6 Qg5 27. Qxg5 hxg5 28. Nxe6 Rc8 29. Ra7 Nf8 30. Nxg7 f4 31. Nf5 Rb8 32. exf4 Rc2 33. fxg5 Rbb2 34. Nh6+ Kh8 35. Rxf8# 1-0


[Site "https://www.chess.com"]

[Event "Titled Tuesday Blitz August 08 Early 2023"]
[White "Tregubov, Pavel V."]
[Black "Sjugirov, Sanan"]
[WhiteFideId "4115341"]
[BlackFideId "4189302"]
[WhiteElo "2624"]
[BlackElo "2919"]
[Result "0-1"]
[Round "3"]
[TimeControl "180+1"]
[Date "2023.08.08"]
[WhiteClock "0:00:00"]
[BlackClock "0:00:03"]
[Board "56"]

1. e4 c5 2. Nf3 d6 3. Bb5+ Bd7 4. Bxd7+ Qxd7 5. O-O Nc6 6. c3 Nf6 7. Qe2 e6 8. d4 d5 9. e5 Ne4 10. Be3 Be7 11. Ne1 cxd4 12. cxd4 f6 13. f3 Ng5 14. Nd3 O-O 15. Nc3 Nf7 16. f4 f5 17. Rfc1 Rac8 18. a3 Na5 19. Rc2 b6 20. Nb4 Kh8 21. Qb5 Qxb5 22. Nxb5 Rxc2 23. Nxc2 Rc8 24. Nb4 Nb3 25. Rd1 a5 26. Nd3 Rc2 27. Rb1 Nd8 28. Ne1 Re2 29. Bf2 Nd2 30. Rd1 Ne4 31. Nd3 Nxf2 32. Nxf2 Rxb2 33. a4 Rb4 34. Rc1 Kg8 35. h3 Rxa4 36. Rc8 Rb4 37. Na7 Kf7 38. Nd3 Rxd4 39. Nb2 a4 40. Ra8 Rb4 41. Nd3 Rd4 0-1


[Site "https://www.chess.com"]

[Event "Titled Tuesday Blitz August 08 Early 2023"]
[White "Zhigalko, Sergei"]
[Black "Lewicki, Miroslaw"]
[WhiteFideId "13502956"]
[BlackFideId "1113380"]
[WhiteElo "2919"]
[BlackElo "2621"]
[Result "1-0"]
[Round "3"]
[TimeControl "180+1"]
[Date "2023.08.08"]
[WhiteClock "0:00:08"]
[BlackClock "0:00:00"]
[Board "57"]

1. e4 c5 2. Nf3 d6 3. d4 cxd4 4. Qxd4 Bd7 5. Bc4 Nc6 6. Qd3 Nf6 7. Nc3 g6 8. h3 Bg7 9. O-O O-O 10. Bg5 Rc8 11. Bb3 Na5 12. Rfe1 Nxb3 13. axb3 a6 14. Rad1 h6 15. Bxf6 Bxf6 16. e5 Bg7 17. exd6 exd6 18. Qxd6 Bf5 19. Qb4 Bxc3 20. bxc3 Qc7 21. Qh4 Qxc3 22. Qxh6 Bxc2 23. Rd4 Bxb3 24. Re3 Qa1+ 25. Kh2 Rfd8 26. Rxd8+ Rxd8 27. Rxb3 b5 28. Qe3 Qf6 29. Ne5 Rd5 30. f4 g5 31. Ng4 Qxf4+ 32. Qxf4 gxf4 33. Nf6+ 1-0


[Site "https://www.chess.com"]

[Event "Titled Tuesday Blitz August 08 Early 2023"]
[White "Zemlyanskii, Ivan"]
[Black "NovoselovRoman"]
[WhiteFideId "24249971"]
[WhiteElo "2910"]
[BlackElo "2611"]
[Result "1-0"]
[Round "3"]
[TimeControl "180+1"]
[Date "2023.08.08"]
[WhiteClock "0:00:09"]
[BlackClock "0:00:03"]
[Board "58"]

1. d4 d5 2. Bf4 e6 3. e3 Bd6 4. Nf3 Ne7 5. Bg3 c5 6. c3 Nbc6 7. Nbd2 Nf5 8. Bxd6 Qxd6 9. e4 Nfe7 10. e5 Qc7 11. Nb3 c4 12. Nbd2 Bd7 13. Be2 f6 14. exf6 gxf6 15. O-O Ng6 16. b3 cxb3 17. axb3 Nf4 18. Re1 e5 19. dxe5 fxe5 20. Bb5 e4 21. Nxe4 dxe4 22. Rxe4+ Ne6 23. Ng5 O-O-O 24. Nf7 Nc5 25. Re3 Ne5 26. Nxd8 Bxb5 27. Qd5 Rxd8 28. Qxe5 Qxe5 29. Rxe5 Nxb3 30. Rae1 Bc6 31. f4 a5 32. f5 a4 33. R1e2 Nc1 34. Rc2 Nd3 35. Ra5 Re8 36. Ra8+ Kc7 37. Rxe8 Bxe8 38. g4 Bf7 39. Rd2 Nc5 40. Kf2 a3 41. Rd1 Nb3 42. Ke3 a2 43. Kf4 a1=Q 44. Rxa1 Nxa1 45. Ke5 Nc2 46. Kf6 Bc4 47. Kg7 Ne3 48. h3 Kd7 49. Kxh7 Ke7 50. Kg7 Bf1 51. f6+ Kd6 52. f7 Bxh3 53. f8=Q+ Kc6 54. Qf3+ Nd5 55. Qg3 Kc5 56. Qxh3 b5 57. Qd3 Nc7 58. Qd4+ Kc6 59. Kf6 Kb7 60. Ke5 Kc6 61. Qd6+ Kb7 62. Kd4 Na6 63. g5 Nb8 64. g6 Nc6+ 65. Kc5 Nb8 66. g7 Na6+ 67. Kd4 Nb8 68. g8=Q b4 69. Qgxb8# 1-0


[Site "https://www.chess.com"]

[Event "Titled Tuesday Blitz August 08 Early 2023"]
[White "Narayanan, Srinath"]
[Black "Erzhanov, Arman"]
[WhiteFideId "5018420"]
[BlackFideId "4138821"]
[WhiteElo "2884"]
[BlackElo "2608"]
[Result "0-1"]
[Round "3"]
[TimeControl "180+1"]
[Date "2023.08.08"]
[WhiteClock "0:01:56"]
[BlackClock "0:01:10"]
[Board "59"]

1. Nf3 d6 2. c4 e5 3. Nc3 f5 4. d3 Nc6 5. g3 g6 6. Bg2 Bg7 7. O-O Nf6 8. Rb1 a5 9. a3 O-O 10. b4 axb4 11. axb4 h6 12. b5 Ne7 13. Qb3 Be6 14. b6 c6 15. Ba3 g5 16. Qb4 Nc8 17. c5 dxc5 18. Qxc5 Nd7 19. Qb4 Ncxb6 20. Qb2 Rf7 21. Bc5 Nxc5 22. Qxb6 Qxb6 23. Rxb6 e4 24. dxe4 Bxc3 25. exf5 Bxf5 26. Rc1 Na4 27. Rb3 Bg7 28. Ra3 Bb2 29. Rca1 Bxa1 30. Rxa1 Nb6 31. Rd1 Rd7 32. Rc1 Ra5 33. h4 g4 34. Nh2 h5 35. f3 Ra2 36. e4 Rdd2 37. Bf1 Be6 38. Rb1 Nc4 39. fxg4 Rxh2 40. gxh5 Rhb2 41. Rd1 Nd2 42. Bg2 Rb1 0-1


[Site "https://www.chess.com"]

[Event "Titled Tuesday Blitz August 08 Early 2023"]
[White "Aslanov, Umid"]
[Black "Yeletsky, Ivan"]
[WhiteFideId "13412620"]
[BlackFideId "24180327"]
[WhiteElo "2597"]
[BlackElo "2854"]
[Result "0-1"]
[Round "3"]
[TimeControl "180+1"]
[Date "2023.08.08"]
[WhiteClock "0:00:03"]
[BlackClock "0:00:39"]
[Board "60"]

1. e4 Nf6 2. e5 Nd5 3. d4 d6 4. c4 Nb6 5. exd6 exd6 6. Nc3 Be7 7. Nf3 O-O 8. Be2 Bg4 9. Be3 Nc6 10. b3 Bf6 11. O-O d5 12. c5 Nc8 13. h3 Bh5 14. a3 a5 15. Qd2 h6 16. g4 Bg6 17. Ne1 b6 18. cxb6 Nxb6 19. Ng2 a4 20. bxa4 Nc4 21. Bxc4 dxc4 22. Rfd1 Bd3 23. Nf4 Nxd4 24. Bxd4 Qxd4 25. Nxd3 cxd3 26. Nb5 Qxa4 27. Rab1 c6 28. Nd6 Rad8 29. Nb7 Rd5 30. Qb4 Qa7 31. Qc4 d2 32. Qxc6 Rd3 33. Qc5 Qa8 34. Qc4 Qxa3 35. Nc5 Rc3 36. Qb4 Qxb4 37. Rxb4 Rxc5 38. Rxd2 Bc3 0-1


[Site "https://www.chess.com"]

[Event "Titled Tuesday Blitz August 08 Early 2023"]
[White "Maus7"]
[Black "Molina, Roberto Junio Brito"]
[BlackFideId "2109450"]
[WhiteElo "2602"]
[BlackElo "2852"]
[Result "0-1"]
[Round "3"]
[TimeControl "180+1"]
[Date "2023.08.08"]
[WhiteClock "0:00:00"]
[BlackClock "0:00:04"]
[Board "61"]

1. e4 c6 2. d4 d5 3. e5 Bf5 4. h4 Qb6 5. a4 h6 6. a5 Qc7 7. Bd3 Bxd3 8. Qxd3 e6 9. Nf3 c5 10. Nc3 a6 11. h5 cxd4 12. Qxd4 Nc6 13. Qa4 Bb4 14. Nd4 Ne7 15. O-O Qxa5 16. Nxc6 Nxc6 17. f4 Qxa4 18. Nxa4 b5 19. Nc3 O-O 20. Ne2 Rfc8 21. Be3 a5 22. c3 Be7 23. Nd4 Nxd4 24. Bxd4 a4 25. Kf2 f6 26. Ke3 Bc5 27. Bxc5 Rxc5 28. exf6 gxf6 29. Rfd1 Kf7 30. Rd4 Rg8 31. Kf3 e5 32. fxe5 fxe5 33. Rh4 Ke6 34. g3 Rc7 35. Rg1 Rf7+ 36. Ke2 e4 37. Rg2 Ke5 38. Rh1 Rf3 39. g4 a3 40. bxa3 Rxc3 41. g5 hxg5 42. h6 Kf6 43. Rf2+ Kg6 44. h7 Rh8 45. Rfh2 Rc7 46. Rh6+ Kf5 47. Ke3 Ke5 0-1


[Site "https://www.chess.com"]

[Event "Titled Tuesday Blitz August 08 Early 2023"]
[White "Henriquez Villagra, Cristobal"]
[Black "Prokofiev, Valentyn"]
[WhiteFideId "3409350"]
[BlackFideId "14160161"]
[WhiteElo "2841"]
[BlackElo "2593"]
[Result "1-0"]
[Round "3"]
[TimeControl "180+1"]
[Date "2023.08.08"]
[WhiteClock "0:00:58"]
[BlackClock "0:00:02"]
[Board "62"]

1. Nf3 g6 2. g3 Bg7 3. Bg2 c5 4. O-O Nc6 5. e4 d6 6. Re1 Nf6 7. c3 O-O 8. d4 e5 9. dxc5 dxc5 10. Qe2 Bg4 11. h3 Bxf3 12. Bxf3 Qd7 13. Kg2 Rfd8 14. a4 Na5 15. Be3 b6 16. Nd2 Qe6 17. Red1 Nb3 18. Nxb3 Qxb3 19. Qb5 Qxb5 20. axb5 Rxd1 21. Rxd1 Bf8 22. Kf1 Ne8 23. Bg4 a6 24. bxa6 Rxa6 25. Rd8 Ng7 26. Rb8 f5 27. Be2 Ra1+ 28. Kg2 Ra4 29. b3 Rxe4 30. Bc4+ Rxc4 31. bxc4 Kf7 32. Rxb6 Ne6 33. Rb7+ Be7 34. Kf1 g5 35. g4 f4 36. Bc1 e4 37. Rd7 h6 38. Ba3 Kf6 39. Rd5 Bf8 40. Rf5+ Kg6 41. Re5 Kf6 42. Rxe4 Bd6 43. Ke2 Be5 44. Kd3 Bd6 45. f3 Be5 46. Re1 Bd6 47. Rb1 Bc7 48. Rb7 Be5 49. Rb6 Kf7 50. Rc6 Kf6 51. Bxc5 Kf7 52. Bd4 Bb8 53. Ke4 Kg6 1-0


[Site "https://www.chess.com"]

[Event "Titled Tuesday Blitz August 08 Early 2023"]
[White "Zubarev, Alexander"]
[Black "Rustemov, Alexander"]
[WhiteFideId "14104385"]
[BlackFideId "4119002"]
[WhiteElo "2559"]
[BlackElo "2837"]
[Result "1/2-1/2"]
[Round "3"]
[TimeControl "180+1"]
[Date "2023.08.08"]
[WhiteClock "0:00:04"]
[BlackClock "0:00:16"]
[Board "63"]

1. e4 e6 2. d4 d5 3. Nd2 dxe4 4. Nxe4 Bd7 5. Nf3 Bc6 6. Bd3 Nd7 7. O-O Ngf6 8. Ned2 Be7 9. b3 O-O 10. Bb2 b6 11. c4 Bb7 12. Qe2 c5 13. Rad1 Re8 14. Rfe1 Qc7 15. dxc5 bxc5 16. Ne5 Nxe5 17. Bxe5 Qc6 18. Nf3 Rad8 19. h3 Nd7 20. Bc3 Bf6 21. Ba5 Nb6 22. Qc2 h6 23. Bh7+ Kh8 24. Be4 Qc7 25. Bxb7 Qxb7 26. Rxd8 Rxd8 27. Rd1 Rxd1+ 28. Qxd1 Nd7 29. Qd6 Kg8 30. Kf1 g6 31. Bd2 Kg7 32. Be3 Qc8 33. Ke2 Bd8 34. g4 Qc7 35. Qxc7 Bxc7 36. Ne1 Bd6 37. Nd3 f5 38. f3 h5 39. b4 cxb4 40. Bxa7 hxg4 41. hxg4 Ne5 42. Nxe5 Bxe5 43. Kd3 Kf7 44. Be3 Ke8 45. c5 Kd7 46. Kc4 Kc6 47. Kxb4 Bg3 48. Kc4 e5 49. gxf5 gxf5 50. a4 e4 51. fxe4 fxe4 52. Kd4 Be1 53. Kxe4 Bb4 54. Kd3 Bxc5 55. Bxc5 Kxc5 56. Kc3 Kb6 57. a5+ Kxa5 1/2-1/2


[Site "https://www.chess.com"]

[Event "Titled Tuesday Blitz August 08 Early 2023"]
[White "Tatarinov, Dmitry"]
[Black "Ibarra Jerez, Jose Carlos"]
[WhiteFideId "24160067"]
[BlackFideId "2226332"]
[WhiteElo "2589"]
[BlackElo "2836"]
[Result "0-1"]
[Round "3"]
[TimeControl "180+1"]
[Date "2023.08.08"]
[WhiteClock "0:01:05"]
[BlackClock "0:00:57"]
[Board "64"]

1. c4 e5 2. Nc3 Nf6 3. Nf3 e4 4. Ng5 c6 5. Ngxe4 Nxe4 6. Nxe4 d5 7. cxd5 cxd5 8. Nc3 d4 9. Nb1 Nc6 10. d3 Bf5 11. e4 dxe3 12. Bxe3 Qd7 13. Nc3 Nb4 14. Ne4 Rd8 15. Nc5 Bxc5 16. Bxc5 Qe6+ 17. Be3 O-O 18. a3 Nxd3+ 19. Bxd3 Bxd3 20. Rc1 Rfe8 21. Qf3 Qb3 22. Rc7 Qxb2 23. Qxf7+ Kh8 0-1


[Site "https://www.chess.com"]

[Event "Titled Tuesday Blitz August 08 Early 2023"]
[White "Shvedova, Alexandra"]
[Black "Ozen, Bahadir"]
[WhiteFideId "54154782"]
[BlackFideId "6337058"]
[WhiteElo "2554"]
[BlackElo "2815"]
[Result "0-1"]
[Round "3"]
[TimeControl "180+1"]
[Date "2023.08.08"]
[WhiteClock "0:00:06"]
[BlackClock "0:00:44"]
[Board "65"]

1. e4 d6 2. d4 Nf6 3. Nc3 e5 4. Nf3 Nbd7 5. Bc4 Be7 6. O-O O-O 7. a4 c6 8. h3 a5 9. Re1 exd4 10. Qxd4 Nc5 11. Bf4 Be6 12. Rad1 Bxc4 13. Qxc4 Ne6 14. e5 d5 15. Qb3 Nd7 16. Bg3 Ndc5 17. Qa2 Qb6 18. Ne2 Ne4 19. Kh2 Nxf2 20. Bxf2 Qxf2 21. Qb3 Nc5 22. Qa3 Rfe8 23. Qa1 Ne4 24. Qc1 f6 25. exf6 Bd6+ 26. Kh1 Nxf6 27. Ned4 Ne4 28. Nf5 Ng3+ 29. Nxg3 Qxg3 30. Rxe8+ Rxe8 31. Qd2 Rf8 32. Rf1 Rxf3 33. gxf3 Qxh3+ 34. Kg1 Bc5+ 35. Rf2 Qxf3 0-1


[Site "https://www.chess.com"]

[Event "Titled Tuesday Blitz August 08 Early 2023"]
[White "LeoLV10"]
[Black "Krzyzanowski, Marcin"]
[BlackFideId "1132199"]
[WhiteElo "2548"]
[BlackElo "2782"]
[Result "0-1"]
[Round "3"]
[TimeControl "180+1"]
[Date "2023.08.08"]
[WhiteClock "0:00:02"]
[BlackClock "0:00:19"]
[Board "66"]

1. e4 c5 2. Nf3 d6 3. d4 cxd4 4. Nxd4 Nf6 5. Nc3 a6 6. Bg5 Nbd7 7. Bc4 Qc7 8. Bb3 g6 9. Qe2 Bg7 10. O-O-O h6 11. Bh4 Nc5 12. h3 O-O 13. f4 Nxb3+ 14. Nxb3 Be6 15. Nd4 Bc4 16. Qe3 e5 17. fxe5 dxe5 18. Nf3 Rac8 19. Kb1 Nh5 20. Rd2 b5 21. Rc1 Nf4 22. g3 b4 23. Na4 Ne6 24. g4 Nd4 25. Bg3 Nxf3 26. Qxf3 Bb5 27. b3 Bxa4 28. bxa4 Qa5 29. Rd5 Qxa4 30. Bxe5 Rc3 31. Qf4 Bxe5 32. Qxe5 Rfc8 33. Rd2 Ra3 34. Qb2 Qe8 35. e5 Rac3 36. Rcd1 a5 37. Rd3 Qxe5 38. Rxc3 bxc3 39. Qa3 Rb8+ 40. Ka1 Kg7 41. Rb1 Rxb1+ 42. Kxb1 Qb5+ 43. Ka1 Qf1+ 44. Qc1 Qxc1# 0-1


[Site "https://www.chess.com"]

[Event "Titled Tuesday Blitz August 08 Early 2023"]
[White "Sychev, Klementy"]
[Black "Moral Garcia, Serafin"]
[WhiteFideId "4114060"]
[BlackFideId "2201925"]
[WhiteElo "2773"]
[BlackElo "2545"]
[Result "0-1"]
[Round "3"]
[TimeControl "180+1"]
[Date "2023.08.08"]
[WhiteClock "0:00:00"]
[BlackClock "0:00:20"]
[Board "67"]

1. e4 e5 2. Nf3 Nf6 3. Nxe5 d6 4. Nf3 Nxe4 5. d4 d5 6. Bd3 Be7 7. O-O Nc6 8. Nbd2 Nxd2 9. Bxd2 O-O 10. c3 Bg4 11. h3 Bh5 12. g3 Qd7 13. Kg2 Bg6 14. Ne1 Bd6 15. Bxg6 fxg6 16. Nc2 Ne7 17. Ne3 c6 18. Qg4 Qxg4 19. hxg4 Rae8 20. a4 Nc8 21. a5 Be7 22. b3 Nd6 23. c4 Ne4 24. Be1 dxc4 25. bxc4 Bf6 26. Rd1 Rd8 27. d5 Bg5 28. f4 Be7 29. Kf3 Ng5+ 30. Kg2 Ne4 31. Rb1 Bc5 32. Rf3 Nd6 33. Bb4 Bxb4 34. Rxb4 c5 35. Rb1 Rfe8 36. g5 Rd7 37. Rc1 Rde7 38. Rc3 Re4 39. g4 Rd4 40. Kh3 Ree4 41. Kg2 Rxf4 42. Rxf4 Rxf4 43. Rb3 Rd4 44. Kf3 Rd1 45. Ke2 Ra1 46. Kd3 Rxa5 47. Nd1 Ra1 48. Nc3 Rg1 49. Ra3 a6 50. Rb3 Rg3+ 51. Kc2 Rxg4 52. Rb6 Nxc4 53. Rxb7 Rxg5 54. Rc7 Ne3+ 55. Kb3 c4+ 56. Ka3 Nxd5 57. Rc5 h5 58. Nxd5 h4 59. Kb4 h3 60. Ne7+ Kf7 61. Rxg5 h2 62. Rxg6 h1=Q 0-1


[Site "https://www.chess.com"]

[Event "Titled Tuesday Blitz August 08 Early 2023"]
[White "Aradhya, Garg"]
[Black "Shukhman, Anna"]
[WhiteFideId "25006746"]
[BlackFideId "54180058"]
[WhiteElo "2762"]
[BlackElo "2531"]
[Result "1-0"]
[Round "3"]
[TimeControl "180+1"]
[Date "2023.08.08"]
[WhiteClock "0:01:18"]
[BlackClock "0:00:11"]
[Board "68"]

1. d4 Nf6 2. Nf3 g6 3. g3 Bg7 4. Bg2 O-O 5. O-O d6 6. Nc3 c5 7. d5 a6 8. a4 Bg4 9. Re1 Nbd7 10. h3 Bxf3 11. exf3 Rb8 12. a5 Re8 13. h4 b5 14. axb6 Qxb6 15. f4 c4 16. Bf1 Rbc8 17. Ra4 h5 18. Rxc4 Ng4 19. Qf3 Rxc4 20. Bxc4 Bxc3 21. bxc3 Rc8 22. Bd3 Rxc3 23. Rxe7 Nc5 24. Be3 Qb1+ 25. Kg2 Nxd3 26. Re8+ Kh7 27. Bd4 Nge5 28. Rxe5 Ne1+ 29. Rxe1 1-0


[Site "https://www.chess.com"]

[Event "Titled Tuesday Blitz August 08 Early 2023"]
[White "nycjack1"]
[Black "Lamaze, Simon"]
[BlackFideId "36069264"]
[WhiteElo "2529"]
[BlackElo "2749"]
[Result "0-1"]
[Round "3"]
[TimeControl "180+1"]
[Date "2023.08.08"]
[WhiteClock "0:00:01"]
[BlackClock "0:00:32"]
[Board "69"]

1. e4 c6 2. d4 d5 3. Nc3 dxe4 4. Nxe4 Nf6 5. Nxf6+ exf6 6. c3 Bd6 7. Qc2 O-O 8. Bd3 Re8+ 9. Be3 h5 10. O-O-O Nd7 11. h3 h4 12. Ne2 Nf8 13. Kb1 Be6 14. c4 Rc8 15. Nc3 Bb4 16. a3 Bxc3 17. Qxc3 b5 18. d5 cxd5 19. c5 Qd7 20. Qd4 Bf5 21. Ka1 Bxd3 22. Rxd3 Qf5 23. Qxd5 Re5 24. Qb3 Ne6 25. Qxb5 Nxc5 26. Bxc5 Rexc5 27. Qb3 Qxf2 28. Ka2 Qxg2 29. Rhd1 R5c7 30. Rd8+ Kh7 31. Rxc8 Rxc8 32. Qxf7 Qxh3 33. Rd7 Qg4 34. Rxa7 Qc4+ 35. Qxc4 Rxc4 36. Kb3 h3 37. Re7 Rh4 38. Re1 g5 39. a4 h2 40. Rh1 g4 41. a5 g3 42. a6 g2 43. Rxh2 Rxh2 44. a7 g1=Q 45. a8=Q Qg8+ 46. Qxg8+ Kxg8 0-1


[Site "https://www.chess.com"]

[Event "Titled Tuesday Blitz August 08 Early 2023"]
[White "Kim, Yoon-Young"]
[Black "ArtemDyachuk"]
[WhiteFideId "30908779"]
[WhiteElo "2732"]
[BlackElo "2527"]
[Result "1-0"]
[Round "3"]
[TimeControl "180+1"]
[Date "2023.08.08"]
[WhiteClock "0:00:05"]
[BlackClock "0:00:02"]
[Board "70"]

1. d4 Nf6 2. c4 e6 3. g3 c5 4. Bg2 cxd4 5. Nf3 Nc6 6. Nxd4 Bc5 7. Nb3 Bb6 8. Nc3 O-O 9. O-O a6 10. Bg5 h6 11. Bf4 Bc7 12. Bd6 Re8 13. c5 Ne7 14. Na4 Nfd5 15. e4 Nb4 16. Qd2 Nbc6 17. f4 Kh8 18. Bxc7 Qxc7 19. Nb6 Rb8 20. e5 Nf5 21. Rad1 Nce7 22. Qf2 Ng6 23. Be4 Nfe7 24. g4 f5 25. gxf5 Nxf5 26. Bxf5 exf5 27. Rd6 Nf8 28. Rfd1 Ne6 29. h4 Rg8 30. Kh2 Re8 31. a4 Qd8 32. a5 Qe7 33. Nd2 Nxc5 34. Qxc5 Qxh4+ 35. Kg2 Qg4+ 36. Kf2 Qxd1 37. Qc7 Qg4 38. Qxb8 Qxf4+ 39. Nf3 Qb4 40. Qc7 Qxb2+ 41. Rd2 Qb3 42. Nxc8 f4 43. Qc5 Re6 44. Qf8+ Kh7 45. Qf5+ Kh8 46. Qf8+ Kh7 47. Qf5+ Kh8 48. Qd3 Qb4 49. Qd4 Qb3 50. Qxf4 Qc3 51. Nd6 Qc5+ 52. Qe3 Qxa5 53. Qf4 Qc5+ 54. Qd4 Qc6 55. Ne4 b5 56. Qd5 Qb6+ 57. Qc5 Qb7 58. Qf8+ Kh7 59. Qf5+ Kh8 60. Nd6 Qb8 61. Nf7+ Kg8 62. Rxd7 Re8 63. Nxh6+ Kh8 64. Nf7+ Kg8 65. Nd6 Qb6+ 66. Kg3 Rf8 67. Qe6+ Kh7 68. Ng5+ Kh8 69. Ndf7+ Rxf7 70. Qxf7 Qe3+ 71. Nf3 Qh6 72. Qf8+ Kh7 73. Qf7 Kh8 74. e6 Qh7 75. e7 Qg8 76. e8=Q Qxe8 77. Qxg7# 1-0


[Site "https://www.chess.com"]

[Event "Titled Tuesday Blitz August 08 Early 2023"]
[White "Domingo Nunez, Alejandro"]
[Black "Timmermans, Mark"]
[WhiteFideId "22245561"]
[BlackFideId "1026399"]
[WhiteElo "2518"]
[BlackElo "2729"]
[Result "1/2-1/2"]
[Round "3"]
[TimeControl "180+1"]
[Date "2023.08.08"]
[WhiteClock "0:00:08"]
[BlackClock "0:00:12"]
[Board "71"]

1. Nf3 Nf6 2. g3 e6 3. Bg2 d5 4. O-O Be7 5. c4 O-O 6. b3 c5 7. cxd5 Nxd5 8. d4 Nc6 9. Bb2 cxd4 10. Nxd4 Nxd4 11. Qxd4 Bf6 12. Qd2 Nf4 13. gxf4 Qxd2 14. Nxd2 Bxb2 15. Rab1 Bc3 16. Nc4 Rb8 17. Rbc1 Bb4 18. Rfd1 b6 19. Ne5 Ba3 20. Rc7 a5 21. Nc6 Ba6 22. Nxb8 Rxb8 23. Rdd7 Bxe2 24. Rxf7 Bb2 25. f5 Bg4 26. Be4 Bh3 27. fxe6 Bxe6 28. Rfe7 Bh3 29. Bd5+ Kh8 30. Be6 Bxe6 31. Rxe6 h6 32. Rcc6 Bd4 33. Rcd6 Bc5 34. Rd7 Rf8 35. Re2 Rf4 36. Kg2 a4 37. bxa4 Rxa4 38. Rd3 Kh7 39. Rg3 g5 40. h3 Kg6 41. Rg4 Ra3 42. Rge4 Kh5 43. Rd2 Ra7 44. f4 Rf7 45. fxg5 hxg5 46. Rg4 Be3 47. Rd6 Rf2+ 48. Kg3 Rxa2 49. Rd5 Ra3 50. Kg2 Rb3 51. Re4 b5 52. Rxe3 Rxe3 53. Rxb5 Kh4 54. Rb4+ Kh5 55. Kh2 1/2-1/2


[Site "https://www.chess.com"]

[Event "Titled Tuesday Blitz August 08 Early 2023"]
[White "jumpingknight20"]
[Black "Khandelwal, Ankush"]
[BlackFideId "413470"]
[WhiteElo "2704"]
[BlackElo "2508"]
[Result "0-1"]
[Round "3"]
[TimeControl "180+1"]
[Date "2023.08.08"]
[WhiteClock "0:00:01"]
[BlackClock "0:00:02"]
[Board "72"]

1. e4 c5 2. c3 Nf6 3. e5 Nd5 4. Nf3 Nc6 5. d4 cxd4 6. cxd4 d6 7. Bc4 Nb6 8. Bb5 dxe5 9. Nxe5 Bd7 10. Nxd7 Qxd7 11. Nc3 e6 12. O-O Be7 13. Qg4 O-O 14. Rd1 Rfd8 15. Bh6 g6 16. Rac1 Rac8 17. h4 a6 18. Bxc6 Rxc6 19. h5 Nd5 20. hxg6 hxg6 21. Rd3 Rdc8 22. Rh3 Nxc3 23. bxc3 Qd5 24. Bf4 Bf6 25. Kh2 e5 26. Bg5 exd4 27. Bxf6 Qd6+ 28. Kg1 Qxf6 29. c4 Rxc4 30. Qxc8+ Rxc8 31. Rxc8+ Kg7 32. Rch8 Qe6 33. R8h7+ Kf8 34. a3 Ke7 35. Rd3 Qe1+ 36. Kh2 Qxf2 37. Rf3 Qa2 38. Kg3 Qe6 39. Kf2 Qa2+ 40. Kg3 Qd5 41. Kf2 g5 42. Rh5 d3 43. Re3+ Kf8 44. Ke1 d2+ 45. Kd1 Qxg2 46. Rh8+ Kg7 47. Rhe8 g4 48. Re2 Qf3 49. Re3 Qf4 50. Kxd2 f5 51. Ke1 Kg6 52. Re8 Qc1+ 53. Kf2 Qc5+ 54. Kg3 Qxa3+ 55. Kg2 Qf3+ 56. Kg1 a5 57. Rg8+ Kf7 58. Rge8 a4 59. R2e7+ Kf6 60. Re3 Qf4 61. R3e6+ Kg5 62. Re3 a3 63. Rxa3 Qc1+ 64. Kg2 Qxa3 65. Rg8+ Kf4 66. Rc8 Qf3+ 67. Kg1 Qe3+ 68. Kg2 Qe4+ 69. Kg1 Qe3+ 70. Kh1 Qe2 71. Rd8 Kg3 72. Rd1 Qxd1# 0-1


[Site "https://www.chess.com"]

[Event "Titled Tuesday Blitz August 08 Early 2023"]
[White "Rosh Jain"]
[Black "Agibileg, Uurtsaikh"]
[WhiteFideId "25789465"]
[BlackFideId "4901606"]
[WhiteElo "2480"]
[BlackElo "2695"]
[Result "1/2-1/2"]
[Round "3"]
[TimeControl "180+1"]
[Date "2023.08.08"]
[WhiteClock "0:00:02"]
[BlackClock "0:00:24"]
[Board "73"]

1. e4 c5 2. Nf3 e6 3. d4 cxd4 4. Nxd4 Nc6 5. Nc3 Qc7 6. Be3 a6 7. Be2 Nf6 8. O-O Be7 9. f4 d6 10. Bf3 O-O 11. Qe2 Nxd4 12. Bxd4 e5 13. Be3 exf4 14. Bxf4 Be6 15. Qf2 Nd7 16. Nd5 Bxd5 17. exd5 Bf6 18. c3 Be5 19. Be3 f5 20. Rfe1 Rae8 21. Rac1 Nf6 22. Qh4 b5 23. a4 h6 24. axb5 axb5 25. Qb4 Rb8 26. Bd4 Nd7 27. h3 Bxd4+ 28. cxd4 Qa7 29. Qxd6 Qxd4+ 30. Kh1 Nf6 31. Rc7 Ne4 32. Qe6+ Kh8 33. Bxe4 fxe4 34. d6 Rbe8 35. Qg6 e3 36. d7 Rd8 37. Qe6 Kh7 38. Qxe3 Rf1+ 39. Kh2 Qd6+ 40. g3 Rxe1 41. Qxe1 Qxc7 42. Qe4+ Kh8 43. Qe8+ Kh7 44. Qe4+ Kg8 45. Qe8+ Kh7 46. Qe4+ 1/2-1/2


[Site "https://www.chess.com"]